Selects Airborne Battlegroup
Selects Heavy Machine Gun Paradrop
Heavy Machine Gun Paradrop
Construct Weapon Support Center
Heavy Machine Gun Paradrop
Heavy Machine Gun Paradrop
Heavy Machine Gun Paradrop
Improved M9 Bazooka Rockets
Selects Smoke Bombing Run
Selects Paratrooper Squad Paradrop
Selects Anti-tank Gun Team Paradrop
Anti-tank Gun Team Paradrop
Heavy Machine Gun Paradrop
Anti-tank Gun Team Paradrop
Selects Carpet Bombing Run
Heavy Machine Gun Paradrop
M3 Armored Personnel Carrier
Paratrooper Squad Paradrop
Paratrooper Squad Paradrop